 Dungeon Crawl Stone Soup version 0.24-a0-89-gce0dbf4 (webtiles) character file.

Game seed: 3852390693314980599

63 HDogLeCool the Skirmisher (level 3, -1/33 HPs)
             Began as a Draconian Fighter on Feb 7, 2019.
             Was an Initiate of Okawaru.
             Slain by Grinder (4 damage)
             ... on level 3 of the Dungeon.
             The game lasted 00:07:15 (1726 turns).

HDogLeCool the Skirmisher (Draconian Fighter)       Turns: 1726, Time: 00:07:16

Health: -1/33      AC:  6    Str: 19    XL:     3   Next: 87%
Magic:  0/3        EV: 10    Int:  8    God:    Okawaru [......]
Gold:   126        SH:  9    Dex: 10    Spells: 2/2 levels left

rFire    . . .     SeeInvis .   a - +0 war axe
rCold    . . .     Gourm    .   b - +0 shield
rNeg     . . .     Faith    .   (armour unavailable)
rPois    .         Spirit   +   (helmet restricted)
rElec    .         Reflect  .   (no cloak)
rCorr    .         Harm     .   n - +0 pair of gloves
MR       .....                  (no boots)
Stlth    +.........             o - amulet of guardian spirit
HPRegen  0.11/turn              (no ring)
MPRegen  0.08/turn              (no ring)

@: no status effects
A: unfitting armour, cold-blooded, AC +5
a: Renounce Religion


You were on level 3 of the Dungeon.
You worshipped Okawaru.
Okawaru was noncommittal.
You were not hungry.

You visited 1 branch of the dungeon, and saw 3 of its levels.

You collected 126 gold pieces.

Inventory:

Hand Weapons
 a - a +0 war axe (weapon)
 k - a +0 spear
Missiles
 j - 29 stones
 s - a tomahawk (quivered)
Armour
 b - a +0 shield (worn)
 n - a +0 pair of gloves (worn)
Jewellery
 o - an amulet of guardian spirit (around neck)
 q - an uncursed ring of protection from cold {unknown}
Scrolls
 g - 4 scrolls of teleportation {unknown}
 i - 2 scrolls of magic mapping {unknown}
 l - a scroll of identify {unknown}
 p - a scroll of enchant weapon {unknown}
 t - 2 scrolls of remove curse {unknown}
Potions
 c - a potion of might
 e - a potion of magic {unknown}
 f - a potion of heal wounds {unknown}
 h - 2 potions of degeneration {unknown}
 m - 2 potions of flight {unknown}
 r - 2 potions of brilliance {unknown}
 u - a potion of lignification {unknown}
Comestibles
 d - 5 rations


   Skills:
 + Level 3.8 Fighting
 * Level 3.1 Axes
 - Level 3.0 Dodging
 + Level 3.4 Shields


You had 2 spell levels left.
You didn't know any spells.
Your spell library was empty.

Dungeon Overview and Level Annotations

Branches:
Dungeon (3/15)

Altars:
Okawaru

Annotations:
D:3 Grinder


Innate Abilities, Weirdness & Mutations

Your plain brown scales are hard. (AC +5)
You cannot fit into any form of body armour.
You are cold-blooded and may be slowed by cold attacks.


Message History

Aim: Grinder (lightly wounded)
You throw a tomahawk. The tomahawk hits Grinder.
Grinder is moderately wounded.
Throwing (i - inventory. (/) - cycle)
s - 2 tomahawks (quivered)
Press: ? - help, Shift-Dir - straight line, f/p - Grinder
Aim: Grinder (moderately wounded)
You throw a tomahawk. The tomahawk hits Grinder.
Grinder is heavily wounded.
Grinder gestures at you. Pain shoots through your body!
You slash Grinder!
Grinder is severely wounded.
Grinder hits you.
You writhe in agony.
You closely miss Grinder.
Grinder is severely wounded.
Grinder gestures at you. Pain shoots through your body!
* * * LOW HITPOINT WARNING * * *
Grinder hits you.
You die...

##..# +...# #(..#
.. #...# #. #...#
.. #...#
##.######...#
#...(...((5@#
#..######..#####.##
#..............5>..
#...###############
#............#
#..#########.# #..
###.# #^.
######...########
#..
..........).....#


You could see Grinder.

Vanquished Creatures
  An adder (D:2)
  4 leopard geckos
  A giant cockroach (D:1)
  4 goblins
  5 hobgoblins
  7 jackals
  6 kobolds
  A quokka (D:2)
  A ball python (D:2)
  7 bats
  8 frilled lizards
  5 rats
50 creatures vanquished.

Notes
Turn   | Place    | Note
-------+----------+-------------------------------------------
     0 | D:1      | HDogLeCool the Draconian Fighter began the quest for the
                  | Orb.
     0 | D:1      | Reached XP level 1. HP: 19/19 MP: 1/1
   102 | D:1      | Found an iron altar of Okawaru.
   124 | D:1      | Reached XP level 2. HP: 17/26 MP: 2/2
   611 | D:1      | Reached XP level 3. HP: 29/31 MP: 3/3
   927 | D:1      | Became a worshipper of Warmaster Okawaru
  1699 | D:3      | Noticed Grinder
  1701 | D:3      | Paralysed by Grinder for 4 turns
  1726 | D:3      | Slain by Grinder

Levels and vault maps discovered:
D:1:      nicolae_arrival_washed_ashore, layout_loops_ring,
          okawaru_ov_weapons_minmay
D:2:      layout_loops_cross
D:3:      layout_basic, first_ration, uniq_grinder

Skill      XL: |  1  2  3 |
---------------+----------+-----
Dodging        | 3 |  3.0
Axes           | 3 |  3.1
Fighting       | |  3.8
Shields        | |  3.4

Action                   || total
-------------------------++-------
Melee: War axe           ||   125
       Tailslap          ||    16
Throw: Stone             ||     3
       Tomahawk          ||     3
  Eat: Chunk             ||     3
Armor: Skin              ||    38
Dodge: Dodged            ||    68
Block: Shield            ||    59

Table legend:
 A = Non-vault XP
 B = Vault XP
 C = Vault XP percentage of total XP
 D = Non-vault monster count
 E = Vault monster count
 F = Vault count percentage of total count
                 A         B        C        D         E       F
            +---------+---------+-------+---------+---------+-------
      Total |      90 |       0 |   0.0 |      50 |       0 |   0.0
            +---------+---------+-------+---------+---------+-------
        D:1 |      45 |       0 |   0.0 |      30 |       0 |   0.0
        D:2 |      37 |       0 |   0.0 |      15 |       0 |   0.0
        D:3 |       8 |       0 |   0.0 |       5 |       0 |   0.0
            +---------+---------+-------+---------+---------+-------
